Map: Ley Lines

Players

standarsh - Winner!

  • Race: Terran Terran
  • League: Platinum
  • Spawn Location: 1:00

Shwing

  • Race: Zerg Zerg
  • League: Platinum
  • Spawn Location: 7:00

VOD

Have the link to the VOD?

Description

Time

  • Played on: Nov. 1, 2025, 9:52 a.m.
  • Length: 16:09
Show
View Real Time Build Order
Export as new Build Order

standarsh Terran - Winner!

Build Orders: Reaper Expand 

Get SALT Encoding   

  12  0:00  SCV  
  13  0:12  SCV  
  14  0:17  Supply Depot  
  14  0:24  SCV  
  15  0:38  SCV  
  15  0:39  Barracks  
  16  0:45  Refinery  
  16  0:50  SCV  
  17  1:02  SCV  
  18  1:15  SCV  
  19  1:27  Orbital Command  
  19  1:31  Reaper  
  20  1:41  Command Center  
  20  1:52  Supply Depot  
  20  1:54  SCV  
  21  2:05  Reaper  
  21  2:08  SCV  
  23  2:15  Refinery  
  23  2:20  SCV  
  24  2:25  Bunker  
  24  2:32  SCV  
  24  3:10  SCV  
  24  3:11  Orbital Command  
  25  3:13  Barracks Reactor  
  25  3:17  Factory  
  25  3:21  Supply Depot  
  25  3:22  SCV  
  26  3:34  SCV  
  26  3:36  Barracks  
  26  3:37  Barracks  
  27  3:42  SCV  
  27  3:43  Command Center  
  27  3:44  Supply Depot  
  27  3:48  SCV  
  29  3:54  SCV  
  30  4:00  SCV  
  31  4:06  Supply Depot, SCV  
  32  4:12  Marine x2, SCV  
  35  4:18  SCV  
  36  4:24  SCV  
  36  4:29  Marine  
  36  4:30  Marine, SCV  
  40  4:31  Barracks Tech Lab  
  40  4:32  Factory Reactor, Barracks Tech Lab  
  40  4:36  SCV  
  41  4:42  SCV  
  42  4:46  Supply Depot  
  42  4:47  Marine x2  
  42  4:48  SCV  
  45  4:53  Engineering Bay x2  
  45  4:54  SCV, Barracks  
  46  5:00  SCV  
  46  5:02  Marine x2  
  46  5:04  Stimpack, Combat Shield  
  46  5:05  Marine  
  46  5:06  SCV  
  51  5:09  Supply Depot  
  51  5:14  SCV  
  53  5:17  Marine  
  53  5:18  Hellion, SCV  
  56  5:24  Orbital Command  
  56  5:26  SCV  
  57  5:35  SCV  
  58  5:36  Marine x3  
  58  5:37  Marauder  
  58  5:38  SCV  
  64  5:43  Terran Infantry Weapons Level 1, Terran Infantry Armor Level 1  
  64  5:47  SCV  
  65  5:50  SCV x2  
  65  5:54  Marine x2, Marauder  
  70  5:59  SCV  
  70  6:01  Barracks Reactor  
  70  6:02  SCV x2, Barracks  
  72  6:10  Marine  
  72  6:11  Marine, SCV  
  72  6:12  Hellion x2  
  72  6:14  SCV x2  
  72  6:17  Supply Depot  
  80  6:19  Starport  
  80  6:28  SCV x3  
  83  6:40  SCV  
  83  6:45  SCV x2  
  83  6:46  Marine x5  
  91  6:52  SCV  
  83  6:56  Marine x2  
  83  6:57  SCV  
  83  6:59  Starport Reactor  
  86  7:02  Barracks  
  86  7:03  Barracks  
  84  7:10  Bunker x2  
  84  7:11  Marine x5  
  84  7:13  Marine, Hellion x2  
  84  7:14  Marine  
  95  7:16  SCV x3  
  95  7:21  Armory  
  98  7:28  Marine, SCV x3  
  98  7:29  Barracks  
  102  7:36  Medivac x2  
  106  7:37  Fusion Core, Hellion  
  106  7:38  Marine  
  106  7:39  Barracks Tech Lab  
  106  7:41  Concussive Shells  
  109  7:47  Marine, SCV x3  
  109  7:48  Hellion  
  109  7:50  Supply Depot x2  
  101  8:12  Marine x3  
  100  8:13  Barracks Reactor  
  100  8:14  Barracks Reactor  
  100  8:16  Hellion x2  
  100  8:17  Medivac x2  
  100  8:18  Marine x4  
  112  8:24  Supply Depot  
  112  8:26  Supply Depot  
  112  8:30  Marine x3  
  111  8:35  Marine  
  111  8:36  Marauder x3  
  118  8:47  Marine  
  118  8:48  Marine x2  
  119  8:52  Marine  
  119  8:53  Marine x4  
  119  8:54  Hellion x2  
  119  8:55  Medivac  
  130  8:57  Marine  
  109  9:27  Marine x2  
  109  9:28  Marine x3  
  109  9:29  Marine x2, Marauder x3  
  109  9:30  Hellion x2, Medivac  
  109  9:31  Medivac  
  110  9:39  Marine  
  110  9:45  Marine x2, Command Center  
  99  9:46  Marine  
  99  9:50  Marauder x2  
  99  9:51  Terran Infantry Weapons Level 2  
  96  9:57  SCV  
  81  10:29  Marine x2  
  81  10:30  Marine x2, Marauder x2  
  81  10:31  Marauder  
  89  10:39  Marine x2  
  89  10:41  Hellion  
  93  10:44  Barracks Reactor, Orbital Command  
  93  10:51  Marauder x2  
  97  11:13  SCV x3  
  97  11:14  Marine  
  97  11:15  Marine  
  97  11:16  Marine x3, Marauder x3  
  111  11:19  Terran Infantry Armor Level 2  
  111  11:25  SCV x3  
  114  11:30  Marine x2  
  114  11:31  Marine x3  
  114  11:32  Marine x2  
  119  11:37  SCV x3  
  119  11:38  Marauder  
  119  11:39  Marauder  
  122  11:45  Supply Depot x3  
  108  11:47  Marine  
  108  11:48  Medivac x2  
  108  11:49  SCV  
  108  11:50  Barracks  
  114  11:56  SCV x2  
  114  11:57  Marine x5  
  114  11:58  Marine x2, Marauder  
  125  12:06  Marine x2, SCV, Marauder  
  130  12:12  Marine x2  
  130  12:14  Hellion x2  
  134  12:29  Marine x4  
  125  12:30  Marine x3, Marauder x2  
  125  12:31  Medivac, Marauder  
  125  12:32  Marine x3  
  125  12:35  Widow Mine  
  124  12:45  Barracks Reactor  
  124  12:46  Marine  
  124  12:47  Marine x3  
  124  12:51  Refinery  
  124  12:52  Supply Depot, Refinery  
  124  12:54  Supply Depot  
  115  13:03  Refinery  
  115  13:07  Refinery  
  112  13:18  Terran Infantry Weapons Level 3  
  103  13:34  Marine x7  
  103  13:35  Marine x5, Marauder x3  
  115  13:48  Command Center  
  115  13:52  Marine x6  
  115  13:53  Hellion x2  
  115  13:54  Marine x5  
  130  13:56  Marauder x2  
  134  14:08  Marine  
  134  14:09  Marauder  
  131  14:14  Marine  
  131  14:15  Marine x5  
  131  14:17  Marine x2  
  137  14:18  Marauder x2  
  143  14:31  Supply Depot  
  143  14:32  Supply Depot  
  138  15:12  Marine x10  
  138  15:13  Marine x2, Marauder x3  
  144  15:14  Medivac x2  
  144  15:15  Hellion  
  150  15:29  Marine  
  150  15:30  Marine x6  
  150  15:34  Marauder  
  151  15:48  Marine x4  
  151  15:49  Marine x5  
Show
View Real Time Build Order
Export as new Build Order

Shwing Zerg 

Build Orders: Hatch First 

Get SALT Encoding   

  12  0:03  Drone  
  13  0:13  Overlord  
  13  0:18  Drone  
  14  0:33  Drone x2  
  16  1:02  Drone x2  
  16  1:03  Drone  
  19  1:04  Hatchery  
  19  1:05  Extractor  
  17  1:15  Spawning Pool  
  16  1:20  Drone  
  16  1:25  Drone  
  18  1:35  Drone  
  19  1:46  Overlord  
  19  1:57  Drone  
  20  2:16  Queen x2  
  20  2:17  Zergling x4  
  20  2:19  Drone  
  27  2:26  Metabolic Boost  
  25  2:54  Hatchery  
  24  3:01  Drone  
  24  3:02  Drone x4  
  24  3:03  Drone  
  29  3:12  Pneumatized Carapace  
  29  3:14  Drone  
  29  3:15  Overlord  
  30  3:24  Drone  
  30  3:26  Queen  
  33  3:38  Drone x4  
  33  3:39  Drone  
  33  3:40  Overlord  
  38  3:44  Drone  
  38  3:45  Drone x2  
  41  3:49  Drone  
  41  3:50  Drone  
  41  3:52  Spore Crawler  
  43  4:11  Spore Crawler  
  42  4:25  Lair  
  42  4:35  Drone  
  42  4:37  Drone, Baneling Nest  
  43  4:39  Overlord, Evolution Chamber  
  43  4:40  Drone x4  
  43  4:42  Drone  
  43  4:43  Spore Crawler, Extractor  
  45  4:49  Queen  
  47  5:06  Overlord  
  48  5:07  Drone x4  
  48  5:08  Drone x3  
  48  5:10  Extractor  
  48  5:11  Extractor  
  48  5:13  Zerg Melee Weapons Level 1  
  52  5:17  Drone  
  52  5:20  Drone  
  54  5:27  Hatchery  
  54  5:28  Centrifugal Hooks  
  53  5:30  Hatchery  
  52  5:45  Drone, Overlord  
  52  5:46  Drone x10  
  63  5:53  Overseer x3  
  63  6:08  Hydralisk Den  
  63  6:09  Drone, Overlord  
  63  6:10  Zergling x20  
  73  6:30  Overlord x2  
  73  6:31  Zergling x6  
  73  6:32  Zergling x4  
  78  6:40  Overlord, Muscular Augments  
  78  6:41  Zergling x4  
  74  7:09  Queen  
  74  7:12  Drone x4, Overlord  
  74  7:13  Zergling x24  
  74  7:14  Zergling x8  
  96  7:19  Zerg Missile Weapons Level 1  
  96  7:20  Queen  
  96  7:22  Queen  
  100  7:28  Baneling x2  
  100  7:29  Baneling x21  
  100  7:30  Baneling  
  100  7:35  Overlord x2  
  100  7:38  Zergling x4  
  100  7:44  Grooved Spines  
  102  7:51  Baneling  
  102  7:52  Baneling x12  
  102  7:53  Baneling x2  
  102  7:55  Zergling x2, Overlord  
  102  7:56  Zergling x8  
  102  8:09  Overlord  
  102  8:10  Zergling x6  
  102  8:11  Zergling x12  
  102  8:12  Zergling x4  
  106  8:22  Hydralisk  
  106  8:23  Hydralisk x3  
  94  9:07  Drone x3  
  94  9:08  Drone x6  
  94  9:09  Drone x3, Hydralisk x2  
  106  9:10  Hydralisk x3  
  116  9:20  Hydralisk  
  116  9:21  Hydralisk x4  
  126  9:28  Hydralisk  
  122  9:35  Hydralisk x4  
  122  9:37  Hydralisk  
  121  9:41  Hydralisk  
  121  9:43  Zergling x2  
  121  9:44  Zergling x2  
  116  9:54  Queen  
  116  9:55  Hydralisk  
  116  9:56  Hydralisk x2  
  116  9:58  Zergling x2  
  99  10:25  Zergling x2, Overlord  
  99  10:26  Zergling x26  
  113  10:33  Zerg Ground Armor Level 1  
  113  10:46  Baneling  
  113  10:47  Baneling x11  
  113  10:48  Baneling x8  
  104  10:50  Zergling x2, Overlord  
  104  10:51  Zergling x10  
  110  11:03  Zergling x2, Overlord  
  110  11:04  Zergling x12  
  117  11:16  Zergling x2, Overlord  
  117  11:17  Zergling x12  
  117  11:18  Zergling x2  
  125  11:19  Zergling x2  
  125  11:22  Baneling x4  
  125  11:23  Baneling  
  125  11:25  Hydralisk  
  98  11:49  Overlord  
  98  11:50  Zergling x14  
  103  11:59  Baneling  
  103  12:00  Baneling x11  
  101  12:03  Zergling x4  
  101  12:04  Zergling x18  
  110  12:13  Baneling  
  110  12:14  Baneling x13  
  110  12:15  Baneling  
  89  12:33  Zergling x8  
  89  12:34  Zergling x4  
  84  12:41  Zergling x18  
  84  12:42  Zergling x2  
  92  12:53  Hydralisk  
  92  12:54  Hydralisk x4  
  92  12:56  Hydralisk  
  98  12:59  Hydralisk  
  96  13:11  Hydralisk x4  
  103  13:19  Hydralisk  
  100  13:20  Hydralisk x2  
  103  13:34  Zergling x2  
  100  13:46  Hatchery  
  99  13:53  Zergling x2, Overlord  
  99  13:54  Zergling x16  
  108  13:56  Baneling  
  108  13:57  Baneling x2  
  107  14:20  Drone x2  
  107  14:21  Drone x9  
  107  14:23  Extractor  
  117  14:24  Extractor  
  117  14:28  Spine Crawler  
  115  14:34  Zergling x2  
  95  15:30  Hatchery  
  74  15:58  Hatchery  
Tags
 
Add a new tag
Caveats
  • Supply blocks, unpowered buildings, or Contaminate may cause inaccurate times.
  • Supply counts are checked every 10 seconds.